[Event "41st Amateur D7"]
[Site "ChessGUI4"]
[Date "2013.07.07"]
[Round "18.4"]
[White "ChessKiss 1.7 64-bit"]
[Black "Butcher 1.64 64-bit"]
[Result "1-0"]
[BlackElo "2355"]
[ECO "D43"]
[EventDate "2013.??.??"]
[TimeControl "40/1500:40/1500:40/1500"]
[WhiteElo "2214"]

{ i5 Quad } 1.d4 Nf6 2.c4 c6 3.Nc3 d5 4.Nf3 e6 5.Bg5 h6 6.Bxf6 Qxf6 7.e3 Nd7 8.Bd3 dxc4 9.Bxc4 Qd8 { [%eval 22,12] [%emt 0:01: 06] (Be7) } 10.Bd3
{ [%eval 76,13] [%emt 0:00:38] (Qc2) } 10...Bd6
{ [%eval 10,12] [%emt 0:00:59] (Be7) } 11.O-O
{ [%eval 71,12] [%emt 0:00:40] (Ne4) } 11...O-O
{ [%eval 19,11] [%emt 0:00:56] (O-O) } 12.Ne4
{ [%eval 66,12] [%emt 0:00:39] (Qc2) } 12...Bc7
{ [%eval 11,12] [%emt 0:00:58] (Bc7) } 13.Qc2
{ [%eval 63,12] [%emt 0:00: 38] (Qc2) } 13...Re8
{ [%eval 17,11] [%emt 0:01:04] (f5) } 14.Rad1
{ [%eval 80,11] [%emt 0:00:37] (Rac1) } 14...Nb6
{ [%eval 16,11] [%emt 0:01:03] (Kh8) } 15.Nc5
{ [%eval 75,11] [%emt 0:00:36] (Nc5) } 15...Qf6
{ [%eval 13,11] [%emt 0:01:02] (Nd5) } 16.e4
{ [%eval 88,12] [%emt 0:00:31] (Rc1) } 16...Qf4
{ [%eval 27,12] [%emt 0:01:01] (Qe7) } 17.Rfe1
{ [%eval 98,12] [%emt 0:00:34] (Rfe1) } 17...Rb8
{ [%eval 30,12] [%emt 0:01:44] (Rf8) } 18.Re3
{ [%eval 101,11] [%emt 0:00:33] (e5) } 18...Qg4
{ [%eval 1,11] [%emt 0:00:56] (Qf6) } 19.Be2
{ [%eval 116,11] [%emt 0:00:29] (Ree1) } 19...Bd6
{ [%eval 7,11] [%emt 0:00:55] (Qf4) } 20.Ra3
{ [%eval 164,11] [%emt 0:00:31] (a4) } 20...Ra8
{ [%eval 5,11] [%emt 0:00:53] (Ra8) } 21.Ne5
{ [%eval 146,12] [%emt 0:00:27] (e5) } 21...Qg5
{ [%eval 9,10] [%emt 0:00:45] (Qh4) } 22.Rg3
{ [%eval 157,10] [%emt 0: 00:19] (Rg3) } 22...Qe7
{ [%eval 16,10] [%emt 0:00:42] (Qe7) } 23.Bh5
{ [%eval 154,11] [%emt 0:00:27] (Ncd3) } 23...Rf8
{ [%eval 27,10] [%emt 0:00:42] (Bxe5) } 24.Qc1
{ [%eval 155,9] [%emt 0:00:17] (f4) } 24...Kh7
{ [%eval 8,9] [%emt 0:00:44] (Kh8) } 25.f4
{ [%eval 160,9] [%emt 0:00:27] (Ncd3) } 25...Qh4
{ [%eval 18,10] [%emt 0:00:43] (Bxe5) } 26.Rh3
{ [%eval 183,11] [%emt 0:00:27] (Be2) } 26...Qe7
{ [%eval 13,10] [%emt 0:00:43] (Qe7) } 27.Kh1
{ [%eval 174,11] [%emt 0:00:26] (Ncd3) } 27...Kg8
{ [%eval 11, 10] [%emt 0:00:42] (Bxe5) } 28.Rg3
{ [%eval 190,10] [%emt 0:00:25] (Ncd3) } 28...Qh4
{ [%eval -5,9] [%emt 0:00:39] (Qh4) } 29.Be2
{ [%eval 184,10] [%emt 0:00:24] (Bg4) } 29...Rd8
{ [%eval 12,10] [%emt 0:00:40] (Rd8) } 30.Qe3
{ [%eval 167,10] [%emt 0:00: 24] (Kg1) } 30...Qe7
{ [%eval 9,9] [%emt 0:00:39] (Bxc5) } 31.Rc1
{ [%eval 157,10] [%emt 0:00:23] (Bh5) } 31...Qc7
{ [%eval 16,9] [%emt 0:00:36] (Bxc5) } 32.Bh5
{ [%eval 169,9] [%emt 0:00:22] (Bh5) } 32...Rf8
{ [%eval 27,9] [%emt 0:00:38] (g6) } 33.Rf1
{ [%eval 211,9] [%emt 0:00:22] (Ncd3) } 33...Rb8
{ [%eval 23,8] [%emt 0:00:33] (Bxc5) } 34.Qc1
{ [%eval 218,8] [%emt 0:00:21] (Nb3) } 34...Ra8
{ [%eval 13,9] [%emt 0: 00:30] (Kh7) } 35.b4
{ [%eval 229,9] [%emt 0:00:20] (Ncd3) } 35...a5
{ [%eval -18,9] [%emt 0:00:29] (Bxe5) } 36.bxa5
{ [%eval 180,9] [%emt 0:00:20] (bxa5) } 36...Rxa5
{ [%eval -18,9] [%emt 0:00:27] (Rxa5) } 37.Qd2
{ [%eval 158,10] [%emt 0:00:19] (Qd2) } 37...Ra7
{ [%eval 0,9] [%emt 0:00:24] (Bxc5) } 38.Qc2
{ [%eval 172,8] [%emt 0: 00:19] (Qc2) } 38...Kh8
{ [%eval 0,8] [%emt 0:00:21] (g6) } 39.Rg1
{ [%eval 172,9] [%emt 0:00:18] (Ncd3) } 39...g6
{ [%eval 1,9] [%emt 0:00:21] (Qe7) } 40.Be2
{ [%eval 139,10] [%emt 0:00:18] (Be2) } 40...Rg8
{ [%eval 27,8] [%emt 0:00:14] (Rd8) } 41.Qb2
{ [%eval 156,10] [%emt 0:01:00] (Rb1) } 41...Kh7
{ [%eval 0,9] [%emt 0:00:49] (Na4) } 42.Rh3
{ [%eval 154,12] [%emt 0:00:53] (Ng4) } 42...Kg7
{ [%eval 7,10] [%emt 0:00:49] (Bxc5) } 43.Rg3
{ [%eval 141,10] [%emt 0:00:40] (Rb3) } 43...Rd8
{ [%eval 2,10] [%emt 0:00:48] (Rd8) } 44.Bd1
{ [%eval 129,10] [%emt 0:00:55] (Qc2) } 44...Kg8
{ [%eval 0,10] [%emt 0:00:48] (Bxe5) } 45.Rf1
{ [%eval 124,11] [%emt 0:00:52] (Qf2) } 45...Ra8
{ [%eval 14,10] [%emt 0:00:48] (Kh7) } 46.Bb3
{ [%eval 134,10] [%emt 0:00:52] (Bb3) } 46...Kh7
{ [%eval 31,10] [%emt 0:00:52] (Bxc5) } 47.Rg1
{ [%eval 126,11] [%emt 0:00:52] (Qc2) } 47...Qe7
{ [%eval 22,10] [%emt 0:00:52] (Qe7) } 48.Qc3
{ [%eval 119, 11] [%emt 0:00:48] (Qf2) } 48...Ra3
{ [%eval 19,10] [%emt 0:00:51] (Kg8) } 49.Ncd3
{ [%eval 149,10] [%emt 0:00:32] (Rf1) } 49...Qc7
{ [%eval 24,10] [%emt 0:00:49] (Ra8) } 50.Nc5
{ [%eval 132,11] [%emt 0:00:47] (Ng4) } 50...Kg7
{ [%eval 36,10] [%emt 0:00:50] (Qe7) } 51.Rf1
{ [%eval 165,10] [%emt 0:00:46] (d5) } 51...Kh7
{ [%eval 54,10] [%emt 0: 00:46] (Kh8) } 52.Qb4
{ [%eval 155,11] [%emt 0:00:45] (Ng4) } 52...Ra8
{ [%eval 21,11] [%emt 0:00:48] (Ra8) } 53.a4
{ [%eval 138,11] [%emt 0:00:44] (Qc3) } 53...Nd7
{ [%eval 79,11] [%emt 0:00:48] (Nd7) } 54.Nxf7
{ [%eval 167,13] [%emt 0:00:41] (Nxf7) } 54...Nxc5
{ [%eval 78,11] [%emt 0:00:41] (Nxc5) } 55.dxc5
{ [%eval 189,13] [%emt 0:00:41] (dxc5) } 55...Bxc5
{ [%eval 101,12] [%emt 0:00:38] (Bxc5) } 56.Ng5+
{ [%eval 213,13] [%emt 0:00:39] (Qxc5) } 56...hxg5
{ [%eval 137,13] [%emt 0:01:10] (hxg5) } 57.Qxc5
{ [%eval 258,13] [%emt 0:00:38] (Qxc5) } 57...Ra5
{ [%eval 149,12] [%emt 0:00:38] (gxf4) } 58.Rh3+
{ [%eval 638,14] [%emt 0:00:37] (Rh3) } 58...Kg7
{ [%eval 411,13] [%emt 0:01:06] (Kg7) } 59.Qc3+
{ [%eval 671,14] [%emt 0:00:36] (Qc3) } 59...e5
{ [%eval 426,12] [%emt 0:00:35] (e5) } 60.fxe5
{ [%eval 646,13] [%emt 0:00:35] (f5) } 60...Bxh3
{ [%eval 378,12] [%emt 0:01:01] (Bxh3) } 61.e6+
{ [%eval 640, 14] [%emt 0:00:34] (e6) } 61...Qe5
{ [%eval 391,12] [%emt 0:00:33] (Qe5) } 62.Rf7+
{ [%eval 655,13] [%emt 0:00:33] (Rf7) } 62...Kg8
{ [%eval 361,14] [%emt 0:00:57] (Kg8) } 63.e7
{ [%eval 757,13] [%emt 0:00:32] (e7) } 63...Rd1+
{ [%eval 368,12] [%emt 0:00:30] (Rd1) } 64.Rf1+
{ [%eval 797,14] [%emt 0:00:31] (Rf1) } 64...Rad5
{ [%eval 501,12] [%emt 0:00:53] (Rad5) } 65.Rxd1
{ [%eval 801,14] [%emt 0:00:30] (Bxd5) } 65...Qxc3
{ [%eval 501,12] [%emt 0:00:28] (Qxc3) } 66.e8=Q+
{ [%eval 797,14] [%emt 0:00:28] (e8=Q) } 66...Kh7
{ [%eval 565,12] [%emt 0:00:24] (Kh7) } 67.Qe7+
{ [%eval 804,12] [%emt 0:00:08] (Qf7) } 67...Kh6
{ [%eval 527,12] [%emt 0:00:23] (Kh6) } 68.Qf8+
{ [%eval 828,13] [%emt 0:00:29] (Qf8) } 68...Kh7
{ [%eval 651,12] [%emt 0:00:20] (Kh5) } 69.Bxd5
{ [%eval 919,13] [%emt 0:00:27] (Bxd5) } 69...cxd5
{ [%eval 594,12] [%emt 0: 00:19] (cxd5) } 70.gxh3
{ [%eval 1003,14] [%emt 0:00:27] (Rf1) } 70...Qe3
{ [%eval 684, 13] [%emt 0:00:21] (Qe3) } 71.Qe7+
{ [%eval 1280,14] [%emt 0:00:26] (Qe7) } 71...Kh6
{ [%eval 729,13] [%emt 0:00:20] (Kh6) } 72.Rf1
{ [%eval 1451,15] [%emt 0:00:25] (Rf1) } 72...Qxe4+
{ [%eval 880,13] [%emt 0:00:20] (Qd4) } 73.Qxe4
{ [%eval 1690,16] [%emt 0:00:24] (Qxe4) } 73...d4
{ [%eval 811,14] [%emt 0:00:19] (dxe4) } 74.Qxd4
{ [%eval 11994,63] [%emt 0:00:00] (Re1) } 74...g4
{ [%eval 1,1] [%emt 0:00:00] (g4) } 75.Qh8+ Kg5
{ [%eval 1,1] [%emt 0:00:00] (Kg5) } 76.h4# 1-0

[Event "41st Amateur D7"]
[Site "ChessGUI4"]
[Date "2013.07.07"]
[Round "18.5"]
[White "FireFly 2.6.0 64-bit"]
[Black "Tigran 2.3 64-bit"]
[Result "1-0"]
[BlackElo "2289"]
[ECO "B63"]
[EventDate "2013.??.??"]
[TimeControl "40/1500:40/1500:40/1500"]
[WhiteElo "2258"]

{ i5 Quad } 1.e4 c5 2.Nf3 d6 3.d4 cxd4 4.Nxd4 Nf6 5.Nc3 Nc6 6.Bg5 e6 7.Qd2 Be7 8.O-O-O O-O 9.Nxc6 bxc6 { [%eval -13,12] [%emt 0:00:42] (bxc6) } 10.Kb1
{ [%eval 44,12] [%emt 0:00:56] (Bxf6) } 10...Rb8
{ [%eval 10,12] [%emt 0:00:42] (Rb8) } 11.Bc4
{ [%eval 39,12] [%emt 0:00:55] (h4) } 11...d5
{ [%eval 21,12] [%emt 0:00:43] (Qb6) } 12.Bb3
{ [%eval 64,11] [%emt 0:00:55] (Bb3) } 12...Ba6
{ [%eval 17,12] [%emt 0:00:42] (Nd7) } 13.Rhe1
{ [%eval 64,11] [%emt 0:00:54] (Rhe1) } 13...h6
{ [%eval 19,12] [%emt 0:00:42] (Re8) } 14.Bf4
{ [%eval 77,11] [%emt 0:00:53] (Bf4) } 14...Rb7
{ [%eval 19,11] [%emt 0:00:43] (Rb7) } 15.Bg3
{ [%eval 57,10] [%emt 0:00:52] (Qd4) } 15...Nd7
{ [%eval 36,12] [%emt 0: 00:43] (Nd7) } 16.Na4
{ [%eval 56,10] [%emt 0:00:52] (Qe3) } 16...Bb4
{ [%eval 52,13] [%emt 0:00:43] (Nf6) } 17.c3
{ [%eval 59,11] [%emt 0:00:51] (c3) } 17...Be7
{ [%eval 56,12] [%emt 0:00:44] (Be7) } 18.Qc2
{ [%eval 54,10] [%emt 0:00:50] (Bc2) } 18...Nf6
{ [%eval 43,13] [%emt 0:00:43] (h5) } 19.Be5
{ [%eval 42,10] [%emt 0:00:49] (c4) } 19...Qa5
{ [%eval 94,13] [%emt 0:00:35] (Qc8) } 20.exd5
{ [%eval 22,11] [%emt 0:00:48] (exd5) } 20...cxd5
{ [%eval 82,12] [%emt 0:00:44] (cxd5) } 21.Bf4
{ [%eval 0,11] [%emt 0:00:39] (f4) } 21...Nh5
{ [%eval 96,12] [%emt 0:00:44] (Nh5) } 22.Be5
{ [%eval 0,12] [%emt 0:00:39] (Be5) } 22...Rc8
{ [%eval 90,12] [%emt 0:00:45] (Nf6) } 23.Rd4
{ [%eval 16,10] [%emt 0:00:38] (f4) } 23...Bb5
{ [%eval 90,11] [%emt 0:00:45] (Nf6) } 24.Qd1
{ [%eval 20,10] [%emt 0:00:38] (f4) } 24...Nf6
{ [%eval 92,11] [%emt 0:00:45] (Nf6) } 25.Qf3
{ [%eval 30,9] [%emt 0:00:38] (Qf3) } 25...Qa6
{ [%eval 80,11] [%emt 0:00:45] (Qd8) } 26.Qg3
{ [%eval 5,10] [%emt 0:00:37] (Ka1) } 26...Kh8
{ [%eval 78,10] [%emt 0: 00:46] (Nh5) } 27.Bc2
{ [%eval 44,9] [%emt 0:00:37] (Bc2) } 27...Rc4
{ [%eval 67,12] [%emt 0:00:46] (Rc4) } 28.Rxc4
{ [%eval 38,12] [%emt 0:00:36] (Rxc4) } 28...Bxc4
{ [%eval 59,13] [%emt 0:00:46] (Bxc4) } 29.Ka1
{ [%eval 44,11] [%emt 0:00:36] (b4) } 29...Qc6
{ [%eval 47,13] [%emt 0:00:46] (Qc6) } 30.b3
{ [%eval 42,11] [%emt 0:00:35] (b3) } 30...Bb5
{ [%eval 39,13] [%emt 0:00:47] (Bb5) } 31.Nb2
{ [%eval 41,11] [%emt 0: 00:35] (Nb2) } 31...Ba6
{ [%eval 38,12] [%emt 0:00:47] (Kg8) } 32.Bd4
{ [%eval 51,11] [%emt 0:00:34] (Kb1) } 32...Nh5
{ [%eval 39,13] [%emt 0:00:40] (Kg8) } 33.Qg4
{ [%eval 39,11] [%emt 0:00:34] (Qg4) } 33...Bf6
{ [%eval 30,14] [%emt 0:00:46] (Bf6) } 34.Bd3
{ [%eval 23,12] [%emt 0:00:33] (Na4) } 34...Bxd4
{ [%eval 53,14] [%emt 0:00:50] (Bxd4) } 35.Qxd4
{ [%eval 26,12] [%emt 0:00:32] (Qxd4) } 35...Nf6
{ [%eval 43,14] [%emt 0:00:42] (Nf6) } 36.Kb1
{ [%eval 3,12] [%emt 0:00:32] (c4) } 36...Rc7
{ [%eval 63,13] [%emt 0:00:49] (Rc7) } 37.Rc1
{ [%eval 24,11] [%emt 0:00:31] (Bxa6) } 37...Qd6
{ [%eval 62,13] [%emt 0:00:48] (Kg8) } 38.Bxa6
{ [%eval 25,12] [%emt 0:00:30] (f4) } 38...Qxa6
{ [%eval 55,13] [%emt 0:01:00] (Qxa6) } 39.c4
{ [%eval 0,11] [%emt 0: 00:23] (Nd3) } 39...Qd6
{ [%eval 49,14] [%emt 0:01:03] (Qd6) } 40.f4
{ [%eval 0,11] [%emt 0:00:23] (f4) } 40...Ne4
{ [%eval 49,14] [%emt 0:01:10] (Ne4) } 41.Qe3
{ [%eval -7,11] [%emt 0:00:35] (Nd3) } 41...Qb4
{ [%eval 84,11] [%emt 0:00:34] (Kg8) } 42.Nd3
{ [%eval 0,12] [%emt 0:00:35] (Nd3) } 42...Qa5
{ [%eval 74,12] [%emt 0:00:34] (Qa5) } 43.c5
{ [%eval -21,11] [%emt 0:00:35] (Ka1) } 43...Kg8
{ [%eval 63,12] [%emt 0:00:34] (Nc3) } 44.Kb2
{ [%eval 0,11] [%emt 0:00:35] (Rc2) } 44...Rc6
{ [%eval 54,13] [%emt 0: 00:34] (Rc6) } 45.Qd4
{ [%eval 6,11] [%emt 0:00:35] (a3) } 45...Qd2+
{ [%eval 14,13] [%emt 0:00:34] (Qd2) } 46.Rc2
{ [%eval 6,12] [%emt 0:00:35] (Rc2) } 46...Qd1
{ [%eval 11,14] [%emt 0:00:34] (Qd1) } 47.Qa4
{ [%eval 38,12] [%emt 0:00:35] (Qa4) } 47...Qxd3 48.Qxc6
{ [%eval 56,12] [%emt 0:00:35] (Qxc6) } 48...Nf2
{ [%eval 60,13] [%emt 0:00:34] (Qd4) } 49.Rxf2
{ [%eval 104,13] [%emt 0:00: 35] (Rxf2) } 49...Qd4+
{ [%eval 67,14] [%emt 0:00:35] (Qd4) } 50.Ka3
{ [%eval 4,12] [%emt 0:00:35] (Ka3) } 50...Qxf2
{ [%eval 67,13] [%emt 0:00:34] (Qxf2) } 51.g3
{ [%eval 82,12] [%emt 0:00:35] (g3) } 51...g5
{ [%eval 34,14] [%emt 0:00:35] (Kh7) } 52.fxg5
{ [%eval 98,13] [%emt 0:00:35] (fxg5) } 52...hxg5
{ [%eval 0,14] [%emt 0:00:35] (hxg5) } 53.Qc7
{ [%eval 120,12] [%emt 0:00:35] (Qa8) } 53...Kg7
{ [%eval 0,13] [%emt 0:00:33] (a6) } 54.c6
{ [%eval 106,12] [%emt 0:00:35] (Qxa7) } 54...Qc5+
{ [%eval 5,13] [%emt 0:00:35] (Qd2) } 55.Ka4
{ [%eval 146,11] [%emt 0:00:35] (Kb2) } 55...Qc2
{ [%eval 79,13] [%emt 0:00:28] (d4) } 56.Kb4
{ [%eval 208,11] [%emt 0:00:35] (Ka3) } 56...Qxa2
{ [%eval 47,11] [%emt 0:00:35] (Qe4) } 57.Qd8
{ [%eval 368,12] [%emt 0:00: 28] (Qe5) } 57...a5+
{ [%eval 0,10] [%emt 0:00:36] (Qa6) } 58.Kb5
{ [%eval 468,11] [%emt 0:00:40] (Kc5) } 58...Qxb3+
{ [%eval 0,11] [%emt 0:00:31] (Qxb3) } 59.Ka6
{ [%eval 474,11] [%emt 0:00:22] (Ka6) } 59...Qc4+
{ [%eval 0,11] [%emt 0:00:35] (Qd3) } 60.Kb7
{ [%eval 588,12] [%emt 0:00:23] (Kb6) } 60...a4
{ [%eval -315,13] [%emt 0:00: 36] (a4) } 61.Qb6
{ [%eval 665,13] [%emt 0:00:23] (Qb6) } 61...d4
{ [%eval -270,14] [%emt 0:00:31] (d4) } 62.c7
{ [%eval 728,13] [%emt 0:00:23] (c7) } 62...Qd5+
{ [%eval -307,13] [%emt 0:00:37] (Qd5) } 63.Qc6
{ [%eval 768,12] [%emt 0:00:23] (Qc6) } 63...Qb3+
{ [%eval -402,14] [%emt 0:00:37] (Qb3) } 64.Ka7
{ [%eval 805,12] [%emt 0:00: 25] (Ka7) } 64...a3
{ [%eval -470,15] [%emt 0:00:37] (a3) } 65.c8=Q
{ [%eval 881,13] [%emt 0:00:24] (c8=Q) } 65...a2
{ [%eval -471,14] [%emt 0:00:35] (a2) } 66.Q8a6
{ [%eval 905,12] [%emt 0:00:24] (Qc1) } 66...d3
{ [%eval -469,13] [%emt 0:00:38] (d3) } 67.Qg2
{ [%eval 950,12] [%emt 0:00:25] (Qc5) } 67...Qc3
{ [%eval -543,11] [%emt 0:00: 38] (Qb4) } 68.Qaxa2
{ [%eval 1002,11] [%emt 0:00:25] (Qaxa2) } 68...Qc7+
{ [%eval -574,10] [%emt 0:00:39] (Qd4) } 69.Qb7
{ [%eval 1054,10] [%emt 0:00:26] (Qb7) } 69...Qc5+
{ [%eval -628,11] [%emt 0:00:39] (Qd6) } 70.Ka6
{ [%eval 1079,11] [%emt 0: 00:26] (Qb6) } 70...Qd6+
{ [%eval -711,12] [%emt 0:00:36] (Qd6) } 1-0